 Dungeon Crawl Stone Soup version 0.21-a0-279-g6037ffb (webtiles) character file.

5933 Gruud the Martial Artist (level 10, -13/67 HPs)
             Began as a Demonspawn Gladiator on Sept 23, 2017.
             Was a Priest of Qazlal.
             Killed from afar by a battlesphere (15 damage)
             ... created by a deep elf mage
             ... on level 9 of the Dungeon.
             The game lasted 00:39:05 (7776 turns).

Gruud the Martial Artist (Demonspawn Gladiator)     Turns: 7776, Time: 00:39:06

Health: -13/67     AC: 11    Str: 19    XL:     10   Next: 54%
Magic:  0/22       EV: 14    Int: 12    God:    Qazlal [***...]
Gold:   50         SH:  4    Dex: 18    Spells: 9/9 levels left

rFire    . . .     SeeInvis .     - Unarmed
rCold    . . .     Gourm    .   (no shield)
rNeg     . . .     Faith    .   t - +1 chain mail
rPois    .         Spirit   +   (helmet restricted)
rElec    .         Reflect  .   (no cloak)
rCorr    .         Harm     .   (no gloves)
MR       +....                  (no boots)
Stlth    ..........             k - amulet of regeneration
HPRegen  0.61/turn              L - ring of magical power
MPRegen  0.18/turn              p - ring of protection from magic

@: mighty
A: antennae 1, claws 2, repulsion field 1, clever 1, powered by pain 1,
evolution 1, magic shield
a: Upheaval, Elemental Force, Renounce Religion


You were on level 9 of the Dungeon.
You worshipped Qazlal.
Qazlal was most pleased with you.
You were hungry.

You visited 2 branches of the dungeon, and saw 10 of its levels.
You also visited: Ossuary.

You collected 345 gold pieces.
You spent 295 gold pieces at shops.

Inventory:

Hand Weapons
 b - the +5 hunting sling of Kiva {freeze, rF+ MR+ Dex+2}
   (You bought it in a shop on level 6 of the Dungeon)

   It causes projectiles fired from it to freeze those they strike, causing
   extra injury to most foes and up to half again as much damage against
   particularly susceptible opponents.
   They can also slow down cold-blooded creatures.
   It affects your dexterity (+2).
   It protects you from fire.
   It affects your resistance to hostile enchantments.
 A - a +1 long sword
 B - a +0 blowgun
Missiles
 q - 24 poisoned needles
 C - 52 sling bullets
 D - 165 stones (quivered)
Armour
 c - a +0 helmet
 e - a +0 shield
 t - a +1 chain mail (worn)
Jewellery
 k - an amulet of regeneration (around neck)
 p - a ring of protection from magic (right claw)
 L - a ring of magical power (left claw)
 O - an uncursed ring of protection from cold
Wands
 j - a wand of random effects (39/48)
 F - a wand of lightning (11/15)
 G - a wand of confusion (15/48)
Scrolls
 d - a scroll of identify
 h - 5 scrolls of recharging
 i - 4 scrolls of teleportation
 o - 4 scrolls of fear
 r - 2 scrolls of magic mapping
 s - 2 scrolls of blinking
 y - a scroll of enchant weapon
 z - a scroll of immolation
 H - 3 scrolls of remove curse
 R - a scroll of enchant armour
Potions
 g - 4 potions of heal wounds
 n - 3 potions of flight
 u - 4 potions of curing
 v - 2 potions of cancellation
 x - 2 potions of lignification
 I - 3 potions of brilliance
 J - a potion of mutation
 K - a potion of agility
 N - a potion of might
 P - 3 potions of resistance
Books
 E - a book of Maledictions

   Spells                             Type                      Level
   a - Corona                         Hexes                        1
   b - Ensorcelled Hibernation        Hexes/Ice                    2
   c - Confuse                        Hexes                        3
   d - Tukima's Dance                 Hexes                        3
   e - Dazzling Spray                 Conjuration/Hexes            3
Comestibles
 f - 8 bread rations
 l - 9 royal jellies
 m - 4 meat rations


   Skills:
 - Level 2.0 Fighting
 - Level 3.0 Long Blades
 - Level 1.7 Throwing
 + Level 6.4 Armour
 + Level 7.1 Dodging
 * Level 10.7 Unarmed Combat
 + Level 4.0 Invocations


You had 9 spell levels left.
You didn't know any spells.

Dungeon Overview and Level Annotations

Branches:
Dungeon (9/15)             Temple (1/1) D:6            Lair (0/6) D:8
    Orc: D:9-12

Altars:
Ashenzari
Cheibriados
Dithmenos
Elyvilon
Fedhas
Gozag
Hepliaklqana
Kikubaaqudgha
Makhleb
Nemelex Xobeh
Qazlal
Ru
Sif Muna
Trog
Uskayaw
Vehumet
Wu Jian
Xom
Yredelemnul
Zin
The Shining One

Shops:
D:6 (   D:8 **

Annotations:
D:3 Dominolapin's ghost, amateur HaAs; Grinder
D:4 Eustachio; Sigmund
D:9 Rhok's ghost, novice MiFi


Innate Abilities, Weirdness & Mutations

You have very sharp fingernails.
You are surrounded by a mild repulsion field. (EV +2)
You sometimes gain a little power by taking damage.
When hurt, damage is shared between your health and your magic reserves.
You have a pair of small antennae on your head.
Your mind is acute. (Int +2)
You evolve.


Message History

The lance of force hits you!
You are knocked back by the lance of force.
You slam into the rock wall!
The battlesphere fires!
The barrage of energy hits you!
The deep elf mage hits you but does no damage.
An orc comes into view. It is wielding a war axe.
Unknown command.
Your chain mail prevents you from hitting the deep elf mage.
The deep elf mage is heavily wounded.
The deep elf mage hits you but does no damage.
You scratch the deep elf mage.
The deep elf mage is heavily wounded.
The deep elf mage casts a spell at you. The orb of energy hits you!
* * * LOW HITPOINT WARNING * * *
You focus on the pain.
You feel very mighty all of a sudden.
The orb of energy explodes!
The battlesphere fires!
The barrage of energy hits you!
You die...

#..###
####################....#
#.......................###
#...................o.....##
#...........................
#.............<)............
#...>.........[.............
#..................*........
#..............e@)..........
#..............§.§.<........
#.##########..##########....
#.# #..# ..## #.# #..# .#
#.##########..######## .
#.....................
#............#########
###########..########


You could see a deep elf mage, a battlesphere and an orc.

Vanquished Creatures
  Joseph (D:7)
  A hornet (D:8)
  A hippogriff (D:9)
  Prince Ribbit (D:5)
  2 hungry ghosts
  2 wargs (D:8)
  Edmund (D:4)
  A water moccasin (D:9)
  A sky beast (D:6)
  3 orc warriors
  2 phantoms
  3 ice beasts
  5 ogres
  A black bear (D:6)
  An eye of draining (D:9)
  3 centaurs
  2 bullfrogs (D:6)
  A gnoll sergeant (D:6)
  2 wyvern skeletons (D:6)
  7 scorpions
  3 wights (D:7)
  5 howler monkeys
  2 crimson imps
  A human zombie (Ossuary)
  2 bullfrog zombies
  7 orc priests
  6 jellies
  3 centaur zombies
  7 orc wizards
  2 hounds
  A centaur skeleton (D:3)
  Terence (D:4)
  8 worker ants
  2 iguanas
  2 killer bee zombies
  A big kobold zombie (Ossuary)
  A hound skeleton (D:4)
  3 mummies (Ossuary)
  A howler monkey zombie (D:5)
  Robin (D:3)
  5 adders
  9 gnolls
  8 scorpion zombies (Ossuary)
  3 shadow imps
  7 oozes
  An adder zombie (D:7)
  A worm (D:2)
  3 dart slugs (D:1)
  A leopard gecko (D:1)
  33 orcs
  2 giant cockroaches
  3 gnoll zombies (Ossuary)
  7 goblins (D:3)
  10 hobgoblins
  21 jackals
  4 quokkas
  3 ball pythons
  9 bats
  4 frilled lizards
  A goblin zombie (Ossuary)
  A jackal skeleton (D:4)
  4 kobolds
  A kobold zombie (Ossuary)
  2 orc zombies (Ossuary)
  A quokka zombie (D:8)
  5 rats
249 creatures vanquished.

Vanquished Creatures (others)
  A scorpion (Ossuary)
  An orc (D:7)
2 creatures vanquished.

Grand Total: 251 creatures vanquished

Notes
Turn   | Place    | Note
-------+----------+-------------------------------------------
     0 | D:1      | Gruud the Demonspawn Gladiator began the quest for the Orb.
     0 | D:1      | Reached XP level 1. HP: 16/16 MP: 1/1
    78 | D:1      | Gained mutation: You have sharp fingernails. [demonic ancestry]
    78 | D:1      | Reached XP level 2. HP: 19/22 MP: 2/2
    87 | D:1      | Reached skill level 1 in Armour
   379 | D:1      | Reached skill level 1 in Unarmed Combat
   463 | D:1      | Gained mutation: When hurt, damage is shared between your health and your magic reserves. [demonic ancestry]
   463 | D:1      | Reached XP level 3. HP: 15/27 MP: 3/3
   770 | D:1      | Reached skill level 2 in Unarmed Combat
   977 | D:2      | Reached XP level 4. HP: 28/33 MP: 2/4
  1006 | D:2      | Found an ornate altar of the Wu Jian Council.
  1065 | D:2      | Found a shadowy altar of Dithmenos.
  1192 | D:2      | Reached skill level 3 in Unarmed Combat
  1590 | D:3      | Noticed Grinder
  1593 | D:3      | Paralysed by Grinder for 2 turns
  1733 | D:3      | Noticed Robin
  1734 | D:3      | Noticed Terence
  1781 | D:3      | Killed Robin
  1781 | D:3      | Gained mutation: You are surrounded by a mild repulsion field. (EV +2) [demonic ancestry]
  1781 | D:3      | Reached XP level 5. HP: 29/38 MP: 3/5
  1812 | D:3      | Noticed Dominolapin's ghost (amateur HaAs)
  1901 | D:2      | Reached skill level 4 in Unarmed Combat
  2122 | D:3      | Found a shimmering altar of Xom.
  2273 | D:4      | Gained mutation: You sometimes gain a little power by taking damage. [demonic ancestry]
  2273 | D:4      | Reached XP level 6. HP: 44/44 MP: 6/6
  2318 | D:4      | Found a glowing silver altar of Zin.
  2471 | D:4      | Reached skill level 5 in Unarmed Combat
  2579 | D:4      | Killed Terence
  2683 | D:4      | Noticed Eustachio
  2720 | D:5      | Entered Level 5 of the Dungeon
  2736 | D:5      | Found a basalt altar of Yredelemnul.
  2872 | D:5      | Found a deep blue altar of Sif Muna.
  2891 | D:5      | Reached XP level 7. HP: 39/50 MP: 4/7
  2975 | D:4      | Noticed Edmund
  3012 | D:4      | Killed Edmund
  3012 | D:4      | Reached skill level 6 in Unarmed Combat
  3035 | D:4      | Noticed Sigmund
  3130 | D:5      | Noticed Prince Ribbit
  3260 | D:5      | Killed Prince Ribbit
  3436 | D:5      | Found a hazy altar of Hepliaklqana.
  3632 | D:5      | Found an opulent altar of Gozag.
  3853 | D:6      | Found a blossoming altar of Fedhas.
  3914 | D:6      | Reached XP level 8. HP: 35/56 MP: 4/8
  3932 | D:6      | Reached skill level 7 in Unarmed Combat
  3973 | D:6      | Found a staircase to the Ecumenical Temple.
  3986 | Temple   | Entered the Ecumenical Temple
  4214 | Temple   | Became a worshipper of Qazlal Stormbringer
  4266 | D:6      | Found Xuta Zud's Antique Weapon Boutique.
  4283 | D:6      | Bought a blowgun for 50 gold pieces
  4283 | D:6      | Bought an ancient hunting sling for 130 gold pieces
  4283 | D:6      | Identified the +5 hunting sling of Kiva {freeze, rF+ MR+ Dex+2} (You bought it in a shop on level 6 of the Dungeon)
  4346 | D:6      | Gained mutation: You expend magic power (3 MP) to strengthen your wands. [mutagenic meat]
  4347 | D:6      | Gained mutation: You evolve. [mutagenic meat]
  4348 | D:6      | Gained mutation: You have a pair of small antennae on your head. [mutagenic meat]
  4350 | D:6      | Gained mutation: You have very sharp fingernails. [mutagenic meat]
  4726 | D:6      | Reached skill level 8 in Unarmed Combat
  4745 | D:6      | Reached skill level 5 in Dodging
  4935 | D:7      | Reached * piety under Qazlal
  4956 | D:7      | Found a sand-covered staircase.
  5002 | D:7      | Mutation became permanent: You have sharp fingernails. [demonic ancestry]
  5002 | D:7      | Gained mutation: You have very sharp fingernails. [demonic ancestry]
  5002 | D:7      | Reached XP level 9. HP: 48/61 MP: 6/9
  5004 | D:7      | Identified Hicidauna's Grimoire of Toxic Attacks
  5014 | Ossuary  | Entered an ossuary
  5484 | D:7      | Reached skill level 5 in Armour
  5484 | D:7      | Reached skill level 9 in Unarmed Combat
  5523 | D:7      | Reached ** piety under Qazlal
  5584 | D:7      | Noticed Joseph
  5600 | D:7      | Killed Joseph
  5717 | D:7      | Found a bloodstained altar of Trog.
  5875 | D:7      | Lost mutation: You expend magic power (3 MP) to strengthen your wands. [evolution]
  5898 | D:7      | Found a sparkling altar of Nemelex Xobeh.
  6210 | D:8      | Reached skill level 1 in Invocations
  6233 | D:8      | Found Gapsaofe's Assorted Antiques.
  6244 | D:8      | Bought a scroll labeled VODIMOD GIULA for 23 gold pieces
  6244 | D:8      | Bought a scroll labeled NOFELI UCKIO for 23 gold pieces
  6244 | D:8      | Bought a potion of curing for 69 gold pieces
  6305 | D:8      | Found a sparkling altar of Nemelex Xobeh.
  6409 | D:8      | Reached skill level 10 in Unarmed Combat
  6423 | D:8      | Reached XP level 10. HP: 64/67 MP: 11/11
  6436 | D:8      | Found a staircase to the Lair.
  6482 | D:8      | Found Aguh's General Store.
  6831 | D:8      | Paralysed by a hornet for 2 turns
  6929 | D:8      | Found a burning altar of Makhleb.
  7032 | D:8      | Found a glowing golden altar of the Shining One.
  7317 | D:9      | Gained mutation: Your mind is acute. (Int +2) [evolution]
  7441 | D:9      | Reached *** piety under Qazlal
  7457 | D:9      | Noticed Rhok's ghost (novice MiFi)
  7464 | D:9      | Found Nagusch's Magic Scroll Shoppe.
  7615 | D:9      | Noticed a deep elf mage
  7776 | D:9      | HP: 2/67 [deep elf mage/orb of energy (20)]
  7776 | D:9      | Killed from afar by a battlesphere

Vault maps used:
D:1:      onia_arrival_pyramid, moated_statue
D:2:      gammafunk_temple_overflow_statue, serial_forest,
          infiniplex_forest_diagonal, infiniplex_forest_clump_small,
          infiniplex_forest_straight_5, infiniplex_forest_straight_5,
          infiniplex_forest_corner_2, infiniplex_forest_lined_2,
          infiniplex_forest_straight_3, infiniplex_forest_lined_ring,
          supply_closet_lemuel
D:3:      lemuel_crystal_altar, minmay_cut_off, uniq_grinder, uniq_terence,
          uniq_robin
D:4:      zin_statuary, first_bread, uniq_sigmund, uniq_edmund, uniq_eustachio
D:5:      kennysheep_little_box, lemuel_crystal_altar, old_standard_altar,
          nicolae_gozag_seed_capital, uniq_prince_ribbit1
D:6:      marbit_many_paths, minmay_temple_entry_glassed_door, serial_shops,
          nicolae_shop_crystal
D:7:      bloody_trog, nicolae_overflow_hidden_temple,
          nicolae_ossuary_entry_ruins, uniq_joseph
D:8:      nicolae_tso_swordbearing_angel, nicolae_overflow_crystal_walls,
          erik_lair_orcish_takeover, serial_shops, shop, shop,
          hangedman_little_slice_of_home, nemelex_spade_bored_becter
D:9:      okawaru_altar_gauntlet_db, serial_shops, shop, basic_altar
Temple:   grunt_temple_mini_profane
Ossuary:  ossuary_minmay_scorpions

Skill      XL: |  1  2  3  4  5  6  7  8  9 10 |
---------------+-------------------------------+-----
Long Blades    | 3 |  3.0
Armour         | 1 3 4 5 6 |  6.4
Unarmed Combat | 1 2 3 4 5 6 8 10 | 10.7
Dodging        | 3 4 5 6 7 |  7.1
Invocations    | 1 4 |  4.0
Fighting       | |  2.0
Throwing       | |  1.7

Action                   |  1- 3 |  4- 6 |  7- 9 | 10-12 || total
-------------------------+-------+-------+-------+-------++-------
Melee: Long sword        |    98 |    59 |       |       ||   157
       Punch             |     2 |     4 |    16 |     8 ||    30
       Unarmed           |       |   195 |   447 |   220 ||   862
 Fire: Hunting sling     |       |       |    35 |    11 ||    46
Throw: Throwing net      |       |       |     3 |       ||     3
Invok: Upheaval          |       |       |       |     1 ||     1
Evoke: Wand              |       |       |       |     3 ||     3
  Use: Scroll            |     5 |     3 |    11 |     4 ||    23
       Potion            |       |       |     3 |     1 ||     4
 Stab: Held in net/web   |       |       |     1 |       ||     1
       Invisible         |       |       |     2 |       ||     2
  Eat: Chunk             |       |     7 |    13 |     8 ||    28
       Fruit             |       |       |     3 |     1 ||     4
       Royal jelly       |       |       |       |     2 ||     2
Armor: Leather armour    |    35 |       |       |       ||    35
       Scale mail        |       |    90 |    57 |       ||   147
       Ring mail         |       |     7 |       |       ||     7
       Chain mail        |       |       |     8 |    97 ||   105
Dodge: Dodged            |    93 |   163 |   236 |    90 ||   582
Block: Other             |       |       |     9 |    25 ||    34
       Rpst.: Long sword |    34 |    12 |       |       ||    46

Table legend:
 A = Spawn XP
 B = Non-spawn XP
 C = Spawn XP percentage of total XP
 D = Spawn monster count
 E = Non-spawn monster count
 F = Spawn count percentage of total count
 G = Total turns spent on level
                    A         B        C        D         E        F      G
               +---------+---------+-------+---------+---------+-------+---------
         Total |       0 |    8476 |   0.0 |       0 |     249 |   0.0 |  7776
               +---------+---------+-------+---------+---------+-------+---------
           D:1 |       0 |      73 |   0.0 |       0 |      33 |   0.0 |   769
           D:2 |       0 |     128 |   0.0 |       0 |      19 |   0.0 |   959
           D:3 |       0 |     172 |   0.0 |       0 |      29 |   0.0 |   524
           D:4 |       0 |     463 |   0.0 |       0 |      19 |   0.0 |   625
           D:5 |       0 |     509 |   0.0 |       0 |       6 |   0.0 |   896
           D:6 |       0 |    1193 |   0.0 |       0 |      28 |   0.0 |   862
           D:7 |       0 |    1792 |   0.0 |       0 |      20 |   0.0 |   878
           D:8 |       0 |    2040 |   0.0 |       0 |      43 |   0.0 |  1263
           D:9 |       0 |    1448 |   0.0 |       0 |      25 |   0.0 |   367
       Ossuary |       0 |     658 |   0.0 |       0 |      27 |   0.0 |   380
               +---------+---------+-------+---------+---------+-------+---------
